Zazza, chaotic female human Tourist ------ |....| |....+ |..f@| |<...a ---|-- ## # ### # # --|------- |$.......| |%..!).%.| |?)=I%!%!| |.[%...!?| ---------- Zazza the Sightseer Experience level: 4 Strength: 14 Dexterity: 7 Constitution: 15 Intelligence: 13 Wisdom: 10 Charisma: 18 Health: 0(32) Energy: 17(17) Def: 5 Gold: 0 Moves: 3047 Dungeon seed: GzmlXIsx1YnogHan Game ID: Zazza_1574505887 Your Inventory: Weapons a - 19 +2 darts (in quiver) m - a +0 short sword (weapon in hand) D - a cursed +0 knife Armor e - an uncursed +0 Hawaiian shirt (being worn) n - a cursed -2 helm of opposite alignment (being worn) r - an uncursed +0 dwarvish mithril-coat (being worn) z - an uncursed +0 pair of low boots Comestibles b - 3 uncursed tripe rations c - an uncursed egg d - 5 uncursed food rations f - an uncursed carrot t - an uncursed clove of garlic E - an uncursed fortune cookie Scrolls j - 3 uncursed scrolls of magic mapping p - an uncursed scroll of amnesia x - 2 uncursed scrolls of enchant armor y - an uncursed scroll of identify C - an uncursed scroll of gold detection Potions i - an uncursed potion of extra healing A - an uncursed potion of water H - an uncursed potion of speed Rings I - an uncursed ring of levitation (on left hand) Tools k - an expensive camera (0:89) l - an uncursed credit card G - a cursed magic lamp Gems q - an uncursed obsidian stone Spells and supernatural/magical abilities: Name Level Category Fail Memory k - knock 1 matter 100% 99% p - protection 1 clerical 100% 100% W - pray for help -- divine ? -- Your skills at the end: Fighting Skills Weapon Skills dart [Basic] Spellcasting Skills Final Attributes: You had strayed. You were telepathic. You were levitating. You are dead. Vanquished creatures: a small mimic a shrieker 2 floating eyes a rothe an iguana a hobbit a hobgoblin 2 giant rats a cave spider a brown mold a yellow mold a gecko 10 jackals a kobold a sewer rat 6 grid bugs 5 lichens 2 kobold zombies 7 newts 46 creatures vanquished. Voluntary challenges: You had followed a strict vegetarian diet until turn 2510. You were an atheist. You used a wielded weapon 19 times, starting on turn 718. You read items or engraved 7 times, starting on turn 2710. You never genocided any monsters. You never polymorphed an object. You never changed form. You used no wishes. You never split a pudding. You wrote Elbereth's name 2 times, starting on turn 2748. You never violated your personal moral code. Dungeon overview: The Dungeons of Doom: levels 1 to 7 Level 1 a long staircase Level 2 a fountain a long staircase Level 3 some fountains Level 4 Level 5 a fountain Level 6 a scroll shop, a fountain Level 7 <- You were here a general store History has recorded: On T:1 you entered the Dungeons of Doom to retrieve the Amulet of Yendor! On T:581 you reached level 2 of The Dungeons of Doom. On T:998 you reached level 3 of The Dungeons of Doom. On T:1293 you reached level 4 of The Dungeons of Doom. On T:1610 you reached level 5 of The Dungeons of Doom. On T:1833 you advanced to experience level 2. On T:2357 you reached level 6 of The Dungeons of Doom. On T:2678 you advanced to experience level 3. On T:2914 you reached level 7 of The Dungeons of Doom. On T:3011 you advanced to experience level 4. Score breakdown: Gold: 0 ( 0 points) Experience: 4 levels ( 9649 points) Exploration: 7 levels ( 14.89%) (10834 points) Discoveries: 7 items ( 2.35%) ( 4597 points) Valuables value: (no points given unless you survive) Artifact value: 0 ( 0 points) Variety of kills: 19 monsters ( 4.99%) ( 6699 points) Turncount: 3047 turns ( -622 points) Survival: died (score multiplied by 80%) Total score: 24925 Latest messages: You bought an emerald potion for 236 gold pieces. The price is deducted from your credit. You bought a black onyx ring for 178 gold pieces. "Thank you for shopping in Matagami's general store!" You see here 1807 gold pieces. Matagami encourages you to use your 1298 zorkmids of credit. Armand drops a food ration. You stop. Armand is in the way! You are now wearing a black onyx ring. You start to float in the air! You displace Armand. You hear the splashing of a naiad. This door is locked. Ouch! You bump into a door. (2x) You displace Armand. The soldier ant bites! The soldier ant stings! The soldier ant bites! You die... Final status: Aloha Zazza the Tourist, killed by a soldier ant... You died in The Dungeons of Doom on dungeon level 7 with 24925 points, and 0 pieces of gold, after 3047 moves. You were level 4 with a maximum of 32 hit points when you died.